 Dungeon Crawl Stone Soup version 0.25-a0-701-gb30f108f01 (webtiles) character file.

Game seed: 10011267682819527636, levelgen mode: deterministic

241 DasRunzen the Twirler (level 5, -2/46 HPs)
             Began as a Draconian Gladiator on Apr 3, 2020.
             Slain by Grinder (4 damage)
             ... while paralysed by Grinder
             ... on level 3 of the Dungeon.
             The game lasted 00:03:05 (1902 turns).

DasRunzen the Twirler (Draconian Gladiator)         Turns: 1902, Time: 00:03:05

Health: -2/46      AC:  9    Str: 18    XL:     5   Next: 80%
Magic:  0/8        EV:  2    Int: 10    God:
Gold:   176        SH:  0    Dex: 12    Spells: 8/8 levels left

rFire    . . .     SeeInvis .   a - +0 quarterstaff
rCold    . . .     Gourm    .   (shield currently unavailable)
rNeg     . . .     Faith    .   (armour unavailable)
rPois    .         Spirit   +   b - +2 hat
rElec    .         Reflect  .   i - +1 cloak
rCorr    .         Harm     .   (no gloves)
MR       .....                  (no boots)
Stlth    +.........             e - amulet of guardian spirit
HPRegen  0.15/turn              (no ring)
MPRegen  0.11/turn              (no ring)

@: paralysed
A: unfitting armour, talons 1, strong 1, cold-blooded, AC +5
a: no special abilities


You were on level 3 of the Dungeon.
You were not hungry.

You visited 1 branch of the dungeon, and saw 3 of its levels.

You collected 176 gold pieces.

Inventory:

Hand Weapons
 a - a +0 quarterstaff (weapon)
Missiles
 c - 3 throwing nets (quivered)
Armour
 b - a +2 hat (worn)
 i - a +1 cloak (worn)
Jewellery
 e - an amulet of guardian spirit (around neck)
 l - an uncursed amulet of rage {unknown}
Wands
 j - a wand of acid (10)
 m - a wand of random effects (17)
Scrolls
 k - 2 scrolls of magic mapping {unknown}
Potions
 f - 2 potions of heal wounds
 g - 3 potions of curing {unknown}
 h - a potion of lignification {unknown}
Comestibles
 d - 8 rations


   Skills:
 + Level 3.8 Fighting
 + Level 4.1 Staves
 - Level 1.7 Throwing
 + Level 3.7 Dodging
 + Level 2.3 Spellcasting


You had 8 spell levels left.
You didn't know any spells.
Your spell library was empty.

Dungeon Overview and Level Annotations

Branches:
Dungeon (3/15)

Altars:
Trog
Xom

Annotations:
D:3 Grinder


Innate Abilities, Weirdness & Mutations

Your plain brown scales are hard. (AC +5)
You cannot fit into any form of body armour.
You are cold-blooded and may be slowed by cold attacks.
You have sharp toenails.
Your muscles are strong. (Str +2)


Message History

* * * LOW HITPOINT WARNING * * *
Grinder closely misses you.
You hit Grinder.
Grinder is severely wounded.
Grinder hits you.
* * * LOW HITPOINT WARNING * * *
You writhe in agony.
* * * LOW HITPOINT WARNING * * *
Unknown command.
You closely miss Grinder.
Grinder is severely wounded.
Grinder gestures at you.
You suddenly lose the ability to move!
Grinder hits you.
* * * LOW HITPOINT WARNING * * *
You writhe in agony.
Grinder hits you.
* * * LOW HITPOINT WARNING * * *
You writhe in agony.
You die...

#.#####.#...###...## #.##
#.#####..#.>##.....## #.##
####).........##.......###
#†##
#......<.#..##....._.....#
#.##
#.##.###.......#.......#.#
#.## ###.##.#
#.......##.....##.###.##
....##.#
##...##.###...##......##
######.#
##.###.#.##.##.######## #
#.# #.# #@#>..............
######.. ..#
#5#######.########
........ .# #s# #.#
######## #.. #.# ### ##.
#.# ...... .# #.# ######
.. #.# # .. ..# . ###


You could see Grinder and a giant cockroach.

Vanquished Creatures
  An ice beast (D:3)
  A bullfrog skeleton (D:2)
  Ijyb (D:3)
  2 adders
  2 worms (D:2)
  A dart slug (D:2)
  6 orcs (D:3)
  3 giant cockroaches
  5 goblins
  9 hobgoblins
  4 jackals (D:2)
  7 kobolds
  2 quokkas
  8 bats
  4 frilled lizards
  6 rats
62 creatures vanquished.

Notes
Turn   | Place    | Note
-------+----------+-------------------------------------------
     0 | D:1      | DasRunzen the Draconian Gladiator began the quest for the
                  | Orb.
     0 | D:1      | Reached XP level 1. HP: 17/17 MP: 1/1
   461 | D:1      | Reached XP level 2. HP: 25/25 MP: 2/2
   769 | D:2      | Reached skill level 1 in Spellcasting
   801 | D:2      | Reached XP level 3. HP: 30/30 MP: 4/4
   834 | D:2      | Gained mutation: Your muscles are strong. (Str +2) [potion
                  | of mutation]
   834 | D:2      | Gained mutation: You have sharp toenails. [potion of
                  | mutation]
   933 | D:2      | Found a shimmering altar of Xom.
  1109 | D:2      | Reached XP level 4. HP: 38/38 MP: 6/6
  1209 | D:3      | Noticed an ice beast
  1220 | D:3      | Killed an ice beast
  1220 | D:3      | Reached XP level 5. HP: 45/45 MP: 6/8
  1241 | D:3      | Reached skill level 4 in Staves
  1351 | D:3      | Noticed Ijyb
  1363 | D:3      | Killed Ijyb
  1395 | D:3      | Found a bloodstained altar of Trog.
  1879 | D:3      | Noticed Grinder
  1885 | D:3      | Paralysed by Grinder for 3 turns
  1890 | D:3      | Paralysed by Grinder for 7 turns
  1900 | D:3      | Paralysed by Grinder for 7 turns
  1902 | D:3      | HP: 2/46 [Grinder (1)]
  1902 | D:3      | Slain by Grinder

Levels and vault maps discovered:
D:1:      dpeg_arrival_houses_and_road, layout_loops_ring
D:2:      layout_loops_ring, lemuel_doored_altar, ebering_dispersal_statue_hall,
          minmay_unequal
D:3:      layout_loops_ring, lemuel_round_altar, first_ration, uniq_grinder,
          uniq_ijyb

Skill      XL: |  1  2  3  4  5 |
---------------+----------------+-----
Dodging        | 3 |  3.7
Spellcasting   | 1 2 |  2.3
Fighting       | 3 |  3.8
Staves         | 4 |  4.1
Throwing       | |  1.7

Action                   |  1- 3 |  4- 6 || total
-------------------------+-------+-------++-------
Melee: Quarterstaff      |   103 |    85 ||   188
       Tailslap          |     9 |     6 ||    15
       Kick              |     7 |    18 ||    25
  Use: Scroll            |     7 |       ||     7
       Potion            |     1 |       ||     1
 Stab: Sleeping          |     1 |       ||     1
  Eat: Chunk             |       |     3 ||     3
Armor: Skin              |    36 |    19 ||    55
Dodge: Dodged            |    76 |    52 ||   128

Table legend:
 A = Non-vault XP
 B = Vault XP
 C = Vault XP percentage of total XP
 D = Non-vault monster count
 E = Vault monster count
 F = Vault count percentage of total count
                 A         B        C        D         E       F
            +---------+---------+-------+---------+---------+-------
      Total |     302 |      43 |  12.5 |      57 |       5 |   8.1
            +---------+---------+-------+---------+---------+-------
        D:1 |      12 |       0 |   0.0 |       7 |       0 |   0.0
        D:2 |      99 |       7 |   6.6 |      26 |       4 |  13.3
        D:3 |     191 |      36 |  15.9 |      24 |       1 |   4.0
            +---------+---------+-------+---------+---------+-------
